 Dungeon Crawl Stone Soup version 0.28-a0-239-g68911e0c57 (webtiles) character file.

Game seed: 17210039665834836494

18 rabbitsville the Poker (level 2, 0/23 HPs)
             Began as a Merfolk Gladiator on Aug 23, 2021.
             Slain by a ball python (2 damage)
             ... on level 2 of the Dungeon.
             The game lasted 00:04:06 (164 turns).

rabbitsville the Poker (Merfolk Gladiator)           Turns: 164, Time: 00:04:06

Health: 0/23       AC:  4    Str: 14    XL:     2   Next: 66%
Magic:  2/2        EV: 10    Int:  7    God:
Gold:   0          SH:  0    Dex: 15    Spells: 1/1 levels left

rFire   . . .      SeeInvis .   a - +0 trident
rCold   . . .      Faith    .   (no shield)
rNeg    . . .      Spirit   .   b - +0 leather armour
rPois   .          Reflect  .   c - +0 helmet
rElec   .          Harm     .   (no cloak)
rCorr   .          Rampage  .   (no gloves)
Will    .....                   (no boots)
Stlth   +.........              (no amulet)
HPRegen 0.07/turn               (no ring)
MPRegen 0.08/turn               (no ring)

@: constricted
A: (nimble swimmer 2), mertail
a: no special abilities


You were on level 2 of the Dungeon.
You visited 1 branch of the dungeon, and saw 2 of its levels.

Inventory:

Hand Weapons
 a - a +0 trident (weapon)
Missiles
 d - 3 throwing nets
 e - 6 poisoned darts (quivered)
Armour
 b - a +0 leather armour (worn)
 c - a +0 helmet (worn)


   Skills:
 + Level 2.5 Fighting
 * Level 5.1 Polearms
 + Level 2.3 Throwing
 - Level 4.0 Dodging


You had one spell level left.
You didn't know any spells.
Your spell library was empty.

Dungeon Overview and Level Annotations

Branches:
Dungeon (2/15)

Altars:


Innate Abilities, Weirdness & Mutations

((You are quick and stealthy near water. (Stealth+, EV+, Speed+++)))
Your lower body shifts to a powerful aquatic tail in water.


Message History

* * * LOW HITPOINT WARNING * * *
The goblin hits you with a +0 hand axe.
* * * LOW HITPOINT WARNING * * *
You aren't carrying any potions.
You aren't carrying any scrolls.
Throw: 7 darts (poison)
Press: ? - help, Q - select action, (/) - cycle Shift-Dir - straight line, f/p - goblin
Aim: a goblin, wielding a +0 hand axe (53% to hit)
You throw a poisoned dart. The poisoned dart hits the goblin.
The goblin is poisoned.
The ball python bites you but does no damage.
The ball python constricts you. The goblin closely misses you.
You escape the ball python's grasp.
The goblin closely misses you. The ball python barely misses you. x2
Things that are here:
a poisoned dart; a quokka corpse You kill the goblin!
The kobold shouts!
Found a stone staircase leading down.
The ball python barely misses you. x2
Found an escape hatch in the floor.
A quokka comes into view.
Found a stone staircase leading down.
Found a leather armour.
The bat hits you but does no damage.
A ball python comes into view.
The bat misses you. The bat hits you but does no damage.
Found a leather armour.
The bat barely misses you.
Found 15 gold pieces.
The bat misses you.
There is an escape hatch in the floor here.
The ball python closely misses you. The ball python barely misses you. x3
You slide downwards.
The hatch slams shut behind you.
You closely miss the ball python. The ball python closely misses you. x2
The ball python barely misses you. The ball python completely misses you.
The ball python barely misses you. The ball python closely misses you.
You closely miss the ball python.
The ball python bites you but does no damage.
The ball python barely misses you. x2; The ball python grabs you.
The ball python constricts you.
You closely miss the ball python. The ball python bites you.
You die...

#.# ...
#.# ...
#.# . #.#
...
#S##....#
#@S.....#
####.#..#


You could see 2 ball pythons.

Vanquished Creatures
  A ball python (D:1)
  3 goblins (D:1)
  2 hobgoblins (D:1)
  2 kobolds (D:1)
  4 quokkas (D:1)
  2 frilled lizards (D:1)
  2 rats (D:1)
16 creatures vanquished.

Notes
Turn   | Place    | Note
-------+----------+-------------------------------------------
     0 | D:1      | rabbitsville the Merfolk Gladiator began the quest for the
                  | Orb.
     0 | D:1      | Reached XP level 1. HP: 16/16 MP: 1/1
   100 | D:1      | Reached XP level 2. HP: 23/23 MP: 2/2
   123 | D:1      | Reached skill level 5 in Polearms
   144 | D:1      | HP: 1/23 [goblin (3)]
   164 | D:2      | Slain by a ball python

Illustrated notes

Levels and vault maps discovered:
D:1:      eino_arrival_tree_alley, layout_rooms, st_stairs_12,
          minmay_hexomino_p4
D:2:      layout_basic, chequers_ecumenical_altar_grove, basic_altar,
          grunt_ministairs_6, uniq_robin, uniq_natasha

Skill      XL: |  1  2 |
---------------+-------+-----
Polearms       | 5 |  5.1
Fighting       | |  2.5
Throwing       | |  2.3
Dodging        | |  4.0

Action                   || total
-------------------------++-------
Melee: Trident           ||    45
Throw: Dart              ||     9
Armor: Leather armour    ||    17
Dodge: Dodged            ||    46

Table legend: (Time is in decaauts)
 A = Elapsed time spent in this place.
 B = Non-inter-level travel time spent in this place.
 C = Inter-level travel time spent in this place.
 D = Time resting spent in this place.
 E = Time spent auto-exploring this place.
 F = Levels seen in this place.
 G = Mean time per level.
                   A        B        C        D        E       F      G
               +--------+--------+--------+--------+--------+-----+--------+
         Total |    165 |    165 |      0 |      4 |     27 |   2 |   82.5 |
       Dungeon |    165 |    165 |      0 |      4 |     27 |   2 |   82.5 |
               +--------+--------+--------+--------+--------+-----+--------+

Top non-repeatable levels by time:
     D:1: 162 daAuts
     D:2: 2 daAuts
